 Dungeon Crawl Stone Soup version 0.31.0-9-g3a7656b989 (webtiles) character file.

Game seed: 11307217828059947246

1817 Jase the Ruffian (level 8, -5/51 (66) HPs)
             Began as a Green Draconian Shapeshifter on Jan 25, 2024.
             Was a Follower of Wu Jian.
             Slain by Jeremiah
             ... wielding a +2 trident of draining
              (8 damage)
             ... on level 7 of the Dungeon.
             The game lasted 00:19:45 (6620 turns).

Jase the Ruffian (Green Draconian Shapeshifter)     Turns: 6620, Time: 00:19:45

HP:   -5/51 (66)    AC:  6    Str: 18    XL:     8   Next: 85%
MP:   8/8           EV: 16    Int: 10    God:    Wu Jian [*.....]
Gold: 96            SH:  0    Dex: 12    Spells: 7/7 levels left

rFire   . .          .
                       - Unarmed
rCold   . . .        (shield currently unavailable)
rNeg    . . .        (body armour unavailable)
rPois   +            (helmet restricted)
rElec   .            (no cloak)
rCorr   .            (no gloves)
SInv    .            (no boots)
Will    .....        v - amulet of the acrobat
Stlth   +            (no ring)
HPRegen 0.28/turn    (no ring)
MPRegen 0.11/turn

%: acrobat
@: flux-form, glowing, heavily drained
A: glow, contaminating, breathe noxious fumes, AC +6, unfitting armour, poison
resistance, cold-blooded
a: Breathe Noxious Fumes, Begin Untransformation, Renounce Religion


You were on level 7 of the Dungeon.
You worshipped Wu Jian.
Wu Jian was aware of your devotion.
You were something dangerously unstable.
You visited 2 branches of the dungeon, and saw 8 of its levels.

You collected 389 gold pieces.
You spent 293 gold pieces at shops.

Inventory:

Missiles
 k - 2 throwing nets
 u - 11 poisoned darts (quivered)
 w - 4 javelins
Armour
 f - a +2 pair of gloves
 y - a +0 pair of gloves
Jewellery
 v - an amulet of the acrobat (around neck)
 z - a ring of wizardry
Talismans
 b - a beast talisman
 c - a flux talisman (active)
 x - a storm talisman
Wands
 A - a wand of roots (10)
Scrolls
 d - a scroll of fear
 g - 2 scrolls of enchant armour
 h - 3 scrolls of teleportation {unknown}
 i - 3 scrolls of fog {unknown}
 m - a scroll of brand weapon {unknown}
 n - 2 scrolls of silence {unknown}
 o - 3 scrolls of poison
 q - a scroll of summoning {unknown}
 B - a scroll of immolation {unknown}
 C - a scroll of vulnerability {unknown}
Potions
 a - a potion of lignification
 e - 7 potions of curing {unknown}
 j - 5 potions of heal wounds
 l - 4 potions of ambrosia
 p - a potion of resistance
 r - 2 potions of haste
 s - 2 potions of brilliance
 t - 2 potions of enlightenment


   Skills:
 - Level 4.0 Fighting
 + Level 2.5 Dodging
 - Level 3.0 Stealth
 + Level 7.8 Unarmed Combat
 + Level 7.2 Shapeshifting


You had 7 spell levels left.
You didn't know any spells.
Your spell library contained the following spells:

 Spells                   Type           Power      Damage    Failure   Level
 Freeze                   Ice            0%         1d3       36%         1
 Frozen Ramparts          Ice            0%         1d1       75%         3
 Hailstorm                Conj/Ice       0%         3d5       75%         3
 Tukima's Dance           Hex            0%         N/A       75%         3
 Passage of Golubria      Tloc           0%         N/A       98%         4
 Alistair's Intoxication  Alch           0%         N/A       100%        5
 Borgnjor's Vile Clutch   Necr/Erth      0%         N/A       100%        5
 Yara's Violent Unravell  Hex/Alch       0%         3d3       100%        5
 Eringya's Noxious Bog    Alch           0%         4d6       100%        6


Dungeon Overview and Level Annotations

Branches:
Dungeon (7/15)             Temple (1/1) D:4

Altars:
Ashenzari
Cheibriados
Elyvilon
Fedhas
Gozag
Hepliaklqana
Kikubaaqudgha
Nemelex Xobeh
Okawaru
Qazlal
Ru
Sif Muna
Uskayaw
Wu Jian
Xom
Yredelemnul
Zin

Shops:
D:1 ?   D:3 (   D:6 **

Annotations:
D:3 1 runed translucent door, epsilonplus's ghost, amateur AtBe
D:7 Jeremiah


Innate Abilities, Weirdness & Mutations

You are something dangerously unstable.
You glow with magical radiation, making you easy to see and hit.
Foes you strike become dangerously contaminated with magical radiation.
You are incapable of wielding weapons or throwing items.
You can breathe blasts of noxious fumes.
Your lurid green scales are hard. (AC +6)
You cannot fit into any form of body armour.
Your system is resistant to poisons. (rPois)
You are cold-blooded and may be slowed by cold attacks.


Message History

Jeremiah stops glowing.
The butterfly disappears in a burst of colours! x2
You closely miss the butterfly. You tail-slap the butterfly.
You kill the butterfly!
The butterfly disappears in a burst of colours!
You have got your breath back.
The butterfly disappears in a burst of colours! x3
Jeremiah hits you from afar with a +2 trident of draining.
You feel drained.
You lunge at Jeremiah.
You barely miss Jeremiah.
Jeremiah is heavily wounded.
You spin and attack the butterfly.
You closely miss the butterfly.
You spin and attack the butterfly.
You closely miss the butterfly.
You spin and attack the butterfly.
You completely miss the butterfly.
The butterfly disappears in a burst of colours!
Jeremiah misses you.
Unknown command.
Unknown command.
You closely miss Jeremiah.
Jeremiah is heavily wounded.
The butterfly disappears in a burst of colours!
Jeremiah hits you but does no damage.
You feel drained.
You barely miss Jeremiah.
Jeremiah is heavily wounded.
The butterfly disappears in a burst of colours! x2
Jeremiah hits you with a +2 trident of draining.
You feel drained.
* * * LOW HITPOINT WARNING * * *
You punch Jeremiah!
Jeremiah begins to glow.
Jeremiah is severely wounded.
The butterfly disappears in a burst of colours!
Jeremiah lets out a twisted cry.
Something smites you!
* * * LOW HITPOINT WARNING * * *
You hit Jeremiah.
Jeremiah glows dangerously bright.
Jeremiah is severely wounded.
The butterfly disappears in a burst of colours! x2
Jeremiah hits you with a +2 trident of draining!
You die...
Jeremiah asks, "Is it over?
Can I wake up now?"

#.. #.# #.# ####.#####
##.### #........#
#....# #.##.###.#
#..#.# #.#...##.##
#b.#.##.#.........#
#bb#.b........##..#
#####bbbbb..#.##.......
#!..bFp..#.##.........#
#.####b###'#####.######
#b....# ##'## ..
#.###.# ##...##
....#b....###...|.##
#....'b._..'........##
###.##.....#.........##
# #.###.#....)....+.
#.....#.........##


You could see Jeremiah (heavy contam, misshapen).

Vanquished Creatures
  An orc warrior (D:4)
  An ice beast (D:7)
  A centaur (D:4)
  A bullfrog (D:6)
  A gnoll sergeant (D:6)
  2 scorpions
  9 wights
  A howler monkey (D:7)
  3 jellies
  A gnoll bouda (D:6)
  3 orc priests
  4 hounds
  4 orc wizards
  3 iguanas
  11 gnolls
  9 adders
  A white imp (D:7)
  2 ufetubi (D:5)
  A dart slug (D:2)
  11 orcs
  15 endoplasms
  3 giant cockroaches
  5 goblins
  3 hobgoblins
  12 kobolds
  3 quokkas
  8 ball pythons
  3 bats (D:1)
  3 frilled lizards
  7 rats
132 creatures vanquished.

Notes
Turn   | Place    | Note
-------+----------+-------------------------------------------
     0 | D:1      | Jase the Draconian Shapeshifter began the quest for the
                  | Orb.
     0 | D:1      | Reached XP level 1. HP: 16/16 MP: 1/1
   160 | D:1      | Reached XP level 2. HP: 22/23 MP: 2/2
   318 | D:1      | Found Ziarek's Magic Scroll Shop.
   357 | D:1      | Bought a scroll of identify for 20 gold pieces
   501 | D:1      | Bought a scroll of noise for 10 gold pieces
   557 | D:1      | Reached XP level 3. HP: 18/28 MP: 3/3
  1677 | D:3      | Reached XP level 4. HP: 16/35 MP: 4/4
  1885 | D:3      | Found Ahir's Antique Weapon Shoppe.
  2106 | D:3      | Found a runed translucent door.
  2340 | D:3      | Reached XP level 5. HP: 40/40 MP: 5/5
  2392 | D:3      | Noticed epsilonplus's ghost (amateur AtBe)
  2436 | D:4      | Noticed a centaur
  2442 | D:4      | Killed a centaur
  2443 | D:4      | Reached skill level 5 in Unarmed Combat
  2491 | D:4      | Found a staircase to the Ecumenical Temple.
  2502 | D:4      | Reached XP level 6. HP: 39/47 MP: 6/6
  2515 | D:4      | Reached skill level 5 in Shapeshifting
  2529 | Temple   | Entered the Ecumenical Temple
  2550 | Temple   | Became a worshipper of the Wu Jian Council
  2821 | D:4      | Found a shimmering altar of Xom.
  2821 | D:4      | Found a hazy altar of Hepliaklqana.
  2821 | D:4      | Found a glowing silver altar of Zin.
  2821 | D:4      | Found a sacrificial altar of Ru.
  2821 | D:4      | Found a white marble altar of Elyvilon.
  2821 | D:4      | Found a broken altar of Ashenzari.
  3196 | D:4      | You fall into a shaft and drop 3 floors!
  3414 | D:6      | Found Fuatuab's Assorted Antiques.
  3422 | D:6      | Bought a scroll of identify for 48 gold pieces
  3439 | D:5      | Entered Level 5 of the Dungeon
  3964 | D:4      | Noticed an orc warrior
  3980 | D:4      | Killed an orc warrior
  3981 | D:4      | Your scales start taking on a lurid green colour.
  3981 | D:4      | Reached XP level 7. HP: 51/52 MP: 7/7
  3981 | D:4      | Gained mutation: Your system is resistant to poisons.
                  | (rPois) [Green Draconian growth]
  3982 | D:4      | Reached * piety under Wu Jian
  4116 | D:1      | Bought a scroll of identify for 20 gold pieces
  4118 | D:1      | Bought a scroll of fear for 40 gold pieces
  4118 | D:1      | Bought a scroll of enchant armour for 75 gold pieces
  4118 | D:1      | Bought a scroll of amnesia for 40 gold pieces
  4429 | D:1      | Bought a scroll of poison for 40 gold pieces
  4932 | D:6      | Reached skill level 1 in Stealth
  5149 | D:6      | Reached XP level 8. HP: 62/62 MP: 8/8
  5450 | D:6      | Found Fojam's Neck Hole.
  5751 | D:7      | HP: 2/56 [wight/+0 scimitar (2)]
  5968 | D:7      | Found a white marble altar of Elyvilon.
  6243 | D:7      | Found an ancient bone altar of Kikubaaqudgha.
  6243 | D:7      | Found a shimmering blue altar of Sif Muna.
  6575 | D:7      | Found an iron altar of Okawaru.
  6587 | D:7      | Noticed Jeremiah
  6619 | D:7      | HP: 2/51 [Jeremiah/divine providence (13)]
  6620 | D:7      | Slain by Jeremiah

Illustrated notes

Levels and vault maps discovered:
D:1:      minmay_arrival_three_doors, layout_basic, serial_shops,
          nicolae_shop_crystal, hangedman_decor_peaks_small
D:2:      layout_basic
D:3:      layout_basic, ebering_ghost_reflecting_pool, serial_shops,
          nicolae_shop_tiny_glass, skrybe_limestone_x, kennysheep_orc_chapel
D:4:      cheibrodos_fertilizer, layout_layer_cave, minmay_temple_entry_ruins
D:5:      layout_basic
D:6:      layout_loops_corners, serial_shops, shop,
          nicolae_shop_sticking_my_neck_out
D:7:      layout_loops_corners, mainiacjoe_overflow_brackets,
          kennysheep_mini_moat, gammafunk_temple_overflow_wave,
          mainiacjoe_overflow_six_doors_small, uniq_jeremiah
Temple:   nicolae_temple_hex_pool

Skill      XL: |  1  2  3  4  5  6  7  8 |
---------------+-------------------------+-----
Unarmed Combat | 4 5 6 7 |  7.8
Shapeshifting  | 4 5 6 7 |  7.2
Stealth        | 1 3 |  3.0
Fighting       | 2 4 |  4.0
Dodging        | 2 |  2.5

Action                     |  1- 3 |  4- 6 |  7- 9 || total
---------------------------+-------+-------+-------++-------
  Melee: Unarmed           |    97 |   161 |   183 ||   441
         Tailslap          |    17 |    18 |    28 ||    63
         Punch             |     1 |     1 |     5 ||     7
Ability: Lunge             |       |    19 |    29 ||    48
         Breathe Noxious F |       |       |     3 ||     3
         Whirlwind         |       |       |    13 ||    13
    Use: Scroll            |     1 |     4 |     3 ||     8
         Potion            |       |     1 |       ||     1
   Stab: Sleeping          |     2 |     1 |     4 ||     7
         Confused          |       |       |     2 ||     2
 Armour: Skin              |    35 |    92 |    56 ||   183
  Dodge: Dodged            |    59 |    87 |    62 ||   208
   Form: Flux              |       |       |     1 ||     1
